 Dungeon Crawl Stone Soup version 0.28-a0-1555-g9ae15a6949 (webtiles) character file.

Game seed: 17580704127518653526

63 buddhastalin the Skirmisher (level 4, -1/29 HPs)
             Began as a Kobold Berserker on Jan 18, 2022.
             Was a Believer of Trog.
             Slain by Sigmund (7 damage)
             ... on level 2 of the Dungeon.
             The game lasted 00:02:01 (2019 turns).

buddhastalin the Skirmisher (Kobold Berserker)      Turns: 2019, Time: 00:02:01

Health: -1/29      AC: 11    Str: 16    XL:     4   Next: 31%
Magic:  4/4        EV:  9    Int:  8    God:    Trog [**....]
Gold:   49         SH:  0    Dex: 14    Spells: 3/3 levels left

rFire   . . .      SeeInvis .   a - +0 spear
rCold   . . .      Faith    .   (no shield)
rNeg    . . .      Spirit   .   h - +0 chain mail
rPois   .          Reflect  .   (no helmet)
rElec   .          Harm     .   (no cloak)
rCorr   .          Rampage  .   f - +2 pair of gloves
Will    .....                   (no boots)
Stlth   ..........              (no amulet)
HPRegen 0.09/turn               (no ring)
MPRegen 0.09/turn               (no ring)

@: on berserk cooldown, slowed, very slow
A: small, no large weapons, nightstalker 3
a: Renounce Religion, Berserk, Trog's Hand


You were on level 2 of the Dungeon.
You worshipped Trog.
Trog was pleased with you.
You visited 1 branch of the dungeon, and saw 2 of its levels.

You collected 49 gold pieces.

Inventory:

Hand Weapons
 a - a +0 spear (weapon)
Armour
 f - a +2 pair of gloves (worn)
 h - a +0 chain mail (worn)
Scrolls
 d - a scroll of torment {unknown}
 e - a scroll of holy word {unknown}
 g - 2 scrolls of identify {unknown}
Potions
 b - a potion of might {unknown}
 c - 2 potions of attraction {unknown}
 i - 2 potions of haste {unknown}


   Skills:
 + Level 3.8 Fighting
 * Level 3.3 Polearms
 - Level 1.5 Armour
 + Level 3.2 Dodging


You had 3 spell levels left.
You didn't know any spells.
Your spell library was empty.

Dungeon Overview and Level Annotations

Branches:
Dungeon (2/15)

Altars:

Annotations:
D:2 Sigmund


Innate Abilities, Weirdness & Mutations

You are small and have problems with some larger weapons.
You are completely attuned to the shadows.


Message History

You feel yourself moving faster!
You feel mighty! The kobold hits you but does no damage.
Something hits you but does no damage.
You closely miss the kobold.
The kobold is moderately wounded.
You barely miss the kobold.
The kobold is moderately wounded.
The kobold barely misses you.
You hit the kobold but do no damage.
The kobold is moderately wounded.
Something hits you. The kobold closely misses you.
You hit the kobold but do no damage.
The kobold is moderately wounded.
You puncture the kobold!
You kill the kobold!
Trog accepts your kill.
You hear some strange, mumbled words.
You are confused.
You bump into the rock wall.
You feel a strong urge to attack something.
Something hits you but does no damage.
Items here: $ ( ) [ †.
You puncture something!
Unknown command.
You bump into the rock wall.
Something hits you.
You bump into the rock wall.
You feel a strong urge to attack something.
You bump into the rock wall.
You are no longer berserk.
You are exhausted.
You feel yourself slow down. Something hits you!
You bump into the rock wall.
Something hits you!
* * * LOW HITPOINT WARNING * * *
You bump into the rock wall.
You feel less confused. Something hits you.
* * * LOW HITPOINT WARNING * * *
You miss something. You barely miss something.
Something hits you but does no damage.
You hit something. Something hits you!
You die...

#.. ... #.# #{# #
# #@##.#
#.##†.#.#
#..)....#...
#####.#....
...#.## #.#.#.#
#.....###
#.#.#.###........
#......##......##
###.#............
#.#.###..#†#.##


There were no monsters in sight!

Vanquished Creatures
  Robin (D:2)
  An adder (D:2)
  A worm (D:2)
  4 ball pythons (D:1)
  2 endoplasms (D:1)
  2 giant cockroaches
  11 goblins
  4 hobgoblins
  3 kobolds (D:2)
  3 quokkas
  A bat (D:1)
  2 rats
35 creatures vanquished.

Notes
Turn   | Place    | Note
-------+----------+-------------------------------------------
     0 | D:1      | buddhastalin the Kobold Berserker began the quest for the
                  | Orb.
     0 | D:1      | Reached XP level 1. HP: 14/14 MP: 1/1
   343 | D:1      | Reached XP level 2. HP: 19/19 MP: 2/2
  1227 | D:2      | Reached XP level 3. HP: 22/23 MP: 3/3
  1633 | D:2      | Noticed Robin
  1657 | D:2      | Killed Robin
  1658 | D:2      | Reached XP level 4. HP: 18/29 MP: 4/4
  1664 | D:2      | Reached ** piety under Trog
  1999 | D:2      | Noticed Sigmund
  2019 | D:2      | Slain by Sigmund

Illustrated notes

Levels and vault maps discovered:
D:1:      elethiomel_arrival_shortcut, layout_basic,
          nicolae_figureground_sparkle
D:2:      layout_loops_corners, dreamdust_ecumenical_altar_drowned_temple,
          st_stairs_9, chequers_serial_rivers_small_a, uniq_sigmund,
          uniq_natasha, uniq_robin

Skill      XL: |  1  2  3 |
---------------+----------+-----
Polearms       | 3 |  3.3
Dodging        | 3 |  3.2
Fighting       | |  3.8
Armour         | |  1.5

Action                   |  1- 3 |  4- 6 || total
-------------------------+-------+-------++-------
Melee: Spear             |   127 |    37 ||   164
       Punch             |     2 |     1 ||     3
Invok: Berserk           |       |     1 ||     1
 Stab: Sleeping          |     2 |       ||     2
Armor: Chain mail        |    61 |    18 ||    79
Dodge: Dodged            |    41 |    11 ||    52

Table legend: (Time is in decaauts)
 A = Elapsed time spent in this place.
 B = Non-inter-level travel time spent in this place.
 C = Inter-level travel time spent in this place.
 D = Time resting spent in this place.
 E = Time spent auto-exploring this place.
 F = Levels seen in this place.
 G = Mean time per level.
                   A        B        C        D        E       F      G
               +--------+--------+--------+--------+--------+-----+--------+
         Total |   2009 |   1964 |     45 |    567 |   1127 |   2 | 1004.5 |
       Dungeon |   2009 |   1964 |     45 |    567 |   1127 |   2 | 1004.5 |
               +--------+--------+--------+--------+--------+-----+--------+

Top non-repeatable levels by time:
     D:1: 1203 daAuts
     D:2: 805 daAuts
